 Dungeon Crawl Stone Soup version 0.22-a0-605-g9281fa2 (webtiles) character file.

2297 TheOrbIsALie the Destroyer (level 9, 0/64 HPs)
             Began as a Demonspawn Wizard on July 7, 2018.
             Was a Believer of Sif Muna.
             Killed by divine providence
             ... invoked by an orc priest
              (12 damage)
             ... on level 7 of the Dungeon.
             The game lasted 00:17:30 (6655 turns).

TheOrbIsALie the Destroyer (Demonspawn Wizard)      Turns: 6655, Time: 00:17:31

Health: 0/64       AC:  9    Str:  7    XL:     9   Next: 17%
Magic:  4/13       EV: 11    Int: 22    God:    Sif Muna [**....]
Gold:   293        SH:  0    Dex: 13    Spells: 1/14 levels left

rFire    + . .     SeeInvis .   E - staff of fire
rCold    . . .     Gourm    .   (no shield)
rNeg     + . .     Faith    .   c - +3 leather armour
rPois    .         Spirit   .   y - +0 helmet
rElec    .         Reflect  .   h - +0 cloak
rCorr    .         Harm     +   (no gloves)
MR       .....                  (boots unavailable)
Stlth    ++........             s - amulet of harm
HPRegen  0.20/turn              B - ring of positive energy
MPRegen  0.13/turn              (no ring)

@: flying
A: hooves 3, rugged brown scales 1, robust 1, spiny 1
a: Divine Energy, Renounce Religion


You were on level 7 of the Dungeon.
You worshipped Sif Muna.
Sif Muna was pleased with you.
You were not hungry.

You visited 2 branches of the dungeon, and saw 9 of its levels.

You collected 383 gold pieces.
You spent 90 gold pieces at shops.

Inventory:

Hand Weapons
 q - a +3 mace
Armour
 a - a +0 robe
 b - a +0 hat
 c - a +3 leather armour (worn)
 h - a +0 cloak (worn)
 n - a +0 large shield
 t - a +1 leather armour of fire resistance
 y - a +0 helmet (worn)
Magical Staves
 E - an uncursed staff of fire (weapon)
Jewellery
 s - an amulet of harm (around neck)
 B - a ring of positive energy (left hand)
Wands
 u - a wand of flame (22)
 w - a wand of random effects (22)
 D - a wand of iceblast (10)
 G - a wand of acid (10)
Scrolls
 e - 2 scrolls of magic mapping {unknown}
 f - 2 scrolls of enchant armour {unknown}
 i - 5 scrolls of teleportation {unknown}
 j - 6 scrolls of remove curse {unknown}
 l - 6 scrolls of identify {unknown}
 p - 2 scrolls of fear {unknown}
 r - 2 scrolls of blinking {unknown}
 v - 3 scrolls of noise {unknown}
 F - a scroll of vulnerability {unknown}
Potions
 k - a potion of mutation {unknown}
 m - a potion of curing
 o - a potion of haste {unknown}
 x - 3 potions of might {unknown}
 z - 2 potions of cancellation {unknown}
 A - a potion of ambrosia {unknown}
 C - a potion of degeneration {unknown}
Comestibles
 d - 6 rations


   Skills:
 - Level 1.7 Dodging
 - Level 1.7 Stealth
 - Level 3.0 Spellcasting
 - Level 9.9 Conjurations
   Level 1.0 Summonings
 - Level 0.8 Translocations
 + Level 6.5 Fire Magic


You had one spell level left.
You knew the following spells:

 Your Spells              Type           Power        Failure   Level  Hunger
a - Magic Dart            Conj           ####         1%          1    None
b - Conjure Flame         Conj/Fire      ######..     1%          3    ###....
c - Mephitic Cloud        Conj/Pois/Air  ###.....     14%         3    ###....
d - Blink                 Tloc           N/A          21%         2    ##.....
e - Sticky Flame          Conj/Fire      ######..     6%          4    ####...

Your spell library contained the following spells:

 Spells                   Type           Power        Failure   Level  Hunger
 Fireball                 Conj/Fire      ######....   19%         5    ######.
 Slow                     Hex            #.......     28%         2    ##.....
 Throw Flame              Conj/Fire      ######       1%          2    ##.....
 Call Imp                 Summ           #.......     19%         2    ##.....
 Flame Tongue             Conj/Fire      #####        1%          1    None
 Inner Flame              Hex/Fire       ####....     14%         3    ###....


Dungeon Overview and Level Annotations

Branches:
Dungeon (8/15)             Temple (1/1) D:5
   Lair: D:8-11

Altars:
Dithmenos
Fedhas
Kikubaaqudgha
Makhleb
Ru
Sif Muna
Trog
Uskayaw
Wu Jian
Xom
Yredelemnul
Zin

Shops:
D:4 [   D:6 [}

Annotations:
D:7 Joseph


Innate Abilities, Weirdness & Mutations

You have hooves in place of feet.
You are partially covered in rugged brown scales. (AC +1, +3% HP)
You are robust. (+10% HP)
You are partially covered in sharp spines.


Message History

Confirm with . or Enter, or press ? or * to list all spells.
Aiming: Conjure Flame (safe; 1% risk of failure)
Press: ? - help, Dir - move target cursor, f - orc priest
Aim: an orc priest
Okay, then.
Casting: Conjure Flame (safe; 1% risk of failure)
Confirm with . or Enter, or press ? or * to list all spells.
Aiming: Mephitic Cloud (safe; 14% risk of failure)
Press: ? - help, Shift-Dir - straight line, f - orc priest
Aim: an orc priest
Okay, then.
Unknown command.
It was a potion of flight.
You feel very buoyant.
You fly up into the air.
You hit the orc priest. You burn the orc priest! You kick the orc priest.
The orc priest is heavily wounded.
The orc priest mumbles some strange prayers to Beogh against you.
Beogh smites you!
You die...

#..####....... #
###..... .# ##....
#.# #.... #.# #..#( #
#.# ####o #. +#.#+
####..
#..#####...#####.#..#
#...@o@..⌠...........
##.#####...#####.....
# +#.#+ ##.... #.#
#.... #.# #.... #.#
#.... ##@## ##....
#...#####..###
##........##


You could see Joseph and an orc priest.

Vanquished Creatures
  Grinder (D:6)
  Prince Ribbit (D:6)
  Duvessa (D:4)
  An ice beast (D:6)
  An ogre (D:6)
  6 centaurs
  Dowan (D:4)
  A wyvern skeleton (D:7)
  A crimson imp (D:6)
  A centaur zombie (D:5)
  4 jellies
  6 hounds
  3 bullfrog skeletons
  5 orc priests
  An orc wizard (D:4)
  3 iguanas
  5 worker ants
  A hound zombie (D:5)
  3 gnolls (D:3)
  7 adders
  A shadow imp (D:7)
  5 oozes (D:8)
  An adder skeleton (D:5)
  2 worms
  3 leopard geckos
  11 orcs
  2 ball pythons (D:3)
  6 giant cockroaches
  8 goblins
  4 hobgoblins
  9 jackals
  3 quokkas
  2 bats
  6 frilled lizards
  5 kobolds
  2 quokka skeletons
  4 rats
127 creatures vanquished.

Notes
Turn   | Place    | Note
-------+----------+-------------------------------------------
     0 | D:1      | TheOrbIsALie the Demonspawn Wizard began the quest for the Orb.
     0 | D:1      | Reached XP level 1. HP: 13/13 MP: 4/4
   689 | D:2      | Reached skill level 2 in Conjurations
   740 | D:2      | Gained mutation: You have large cloven feet. [demonic ancestry]
   740 | D:2      | Reached XP level 2. HP: 12/19 MP: 0/6
   803 | D:2      | Found a glowing silver altar of Zin.
   901 | D:2      | Reached skill level 3 in Conjurations
   938 | D:2      | Gained mutation: You are partially covered in rugged brown scales. (AC +1, +3% HP) [demonic ancestry]
   938 | D:2      | Reached XP level 3. HP: 19/24 MP: 1/7
  1383 | D:3      | Reached skill level 4 in Conjurations
  1383 | D:3      | Gained mutation: You have hoof-like feet. [demonic ancestry]
  1383 | D:3      | Reached XP level 4. HP: 22/30 MP: 4/8
  1783 | D:3      | Reached skill level 5 in Conjurations
  1783 | D:3      | Reached XP level 5. HP: 36/36 MP: 2/9
  2422 | D:4      | Learned a level 3 spell: Conjure Flame
  2426 | D:4      | Learned a level 3 spell: Mephitic Cloud
  2429 | D:4      | Learned a level 2 spell: Blink
  2442 | D:4      | Noticed Duvessa
  2498 | D:4      | Noticed Dowan
  2501 | D:4      | Killed Duvessa
  2501 | D:4      | Reached skill level 6 in Conjurations
  2501 | D:4      | Gained mutation: You are partially covered in sharp spines. [demonic ancestry]
  2501 | D:4      | Reached XP level 6. HP: 42/42 MP: 3/10
  2742 | D:4      | Killed Dowan
  2854 | D:4      | Found a blossoming altar of Fedhas.
  3243 | D:4      | Found Apnan's Antique Armour Emporium.
  3251 | D:4      | Bought a helmet for 90 gold pieces
  3280 | D:4      | Reached skill level 7 in Conjurations
  3883 | D:5      | Entered Level 5 of the Dungeon
  3913 | D:5      | Gained mutation: You have hooves in place of feet. [demonic ancestry]
  3913 | D:5      | Reached XP level 7. HP: 40/47 MP: 9/11
  4082 | D:5      | Reached skill level 8 in Conjurations
  4209 | D:5      | Found a staircase to the Ecumenical Temple.
  4245 | Temple   | Entered the Ecumenical Temple
  4397 | Temple   | Became a worshipper of Sif Muna the Loreminder
  4488 | D:5      | You fall through a shaft for 3 floors!
  4581 | D:8      | Reached skill level 9 in Conjurations
  4651 | D:7      | Gained mutation: You are robust. (+10% HP) [demonic ancestry]
  4651 | D:7      | Reached XP level 8. HP: 27/58 MP: 12/12
  4906 | D:7      | Noticed Joseph
  4937 | D:6      | Noticed Prince Ribbit
  5102 | D:5      | Reached * piety under Sif Muna
  5372 | D:6      | Killed Prince Ribbit
  5817 | D:6      | Found Weomois's Gadget Boutique.
  5831 | D:6      | Found Acrab's Armour Emporium.
  5836 | D:6      | Reached ** piety under Sif Muna
  5836 | D:6      | Reached skill level 5 in Fire Magic
  5981 | D:6      | Noticed Grinder
  5982 | D:6      | Paralysed by Grinder for 4 turns
  6045 | D:6      | Killed Grinder
  6045 | D:6      | Reached XP level 9. HP: 50/64 MP: 0/13
  6529 | D:7      | Learned a level 4 spell: Sticky Flame
  6649 | D:7      | HP: 1/64 [orc priest/divine providence (13)]
  6655 | D:7      | Killed from afar by an orc priest

Vault maps used:
D:1:      dpeg_arrival_fog, minmay_distorted
D:2:      zin_academy
D:3:      first_ration
D:4:      lemuel_crystal_altar, serial_shops, shop, serial_co_window_serial,
          co_window_paths_b, co_window_of_opportunity_a, co_window_paths_a,
          co_window_paths_b, co_window_paths_a, co_window_corner_b,
          co_window_broadway_b, co_window_2corner, co_window_corner_b,
          co_window_paths_c, co_window_of_opportunity_c, glass_columns_c,
          glass_columns_a, kennysheep_pointless_box, uniq_duvessa
D:5:      temple_statues
D:6:      serial_shops, shop, nicolae_shop_behind_doors, uniq_prince_ribbit1,
          uniq_grinder
D:7:      grunt_temple_overflow_cloverleaf, marbit_many_paths, uniq_joseph
D:8:      nicolae_overflow_hidden_temple, tso_metal_star, serial_shops, shop,
          kennysheep_mini, hangedman_little_slice_of_home, uniq_psyche
Temple:   dpeg_chambers_temple

Skill      XL: |  1  2  3  4  5  6  7  8 |
---------------+-------------------------+-----
Conjurations   | 2 3 4 5 6 7 9 |  9.9
Fire Magic     | 6 |  6.5
Dodging        | |  1.7
Stealth        | |  1.7
Spellcasting   | |  3.0
Summonings     | |  1.0
Translocations | |  0.8

Action                   |  1- 3 |  4- 6 |  7- 9 || total
-------------------------+-------+-------+-------++-------
Melee: Unarmed           |    28 |       |       ||    28
       Mace              |       |    25 |    39 ||    64
       Kick              |       |     2 |    12 ||    14
       Staff             |       |       |    21 ||    21
 Cast: Magic Dart        |    62 |   100 |   114 ||   276
       Mephitic Cloud    |       |     4 |     9 ||    13
       Conjure Flame     |       |     2 |     4 ||     6
       Sticky Flame      |       |       |     1 ||     1
  Use: Potion            |       |     1 |     3 ||     4
 Stab: Confused          |       |     1 |     1 ||     2
  Eat: Chunk             |     1 |     8 |     5 ||    14
       Ration            |       |       |     2 ||     2
Armor: Leather armour    |    15 |    17 |    39 ||    71
Dodge: Dodged            |    29 |    25 |    58 ||   112

Table legend:
 A = Spawn XP
 B = Non-spawn XP
 C = Spawn XP percentage of total XP
 D = Spawn monster count
 E = Non-spawn monster count
 F = Spawn count percentage of total count
 G = Total turns spent on level
                    A         B        C        D         E        F      G
               +---------+---------+-------+---------+---------+-------+---------
         Total |       0 |    3282 |   0.0 |       0 |     127 |   0.0 |  6655
               +---------+---------+-------+---------+---------+-------+---------
           D:1 |       0 |       9 |   0.0 |       0 |       6 |   0.0 |   726
           D:2 |       0 |      57 |   0.0 |       0 |      14 |   0.0 |   593
           D:3 |       0 |     180 |   0.0 |       0 |      30 |   0.0 |  1262
           D:4 |       0 |     446 |   0.0 |       0 |      19 |   0.0 |  1302
           D:5 |       0 |     321 |   0.0 |       0 |      14 |   0.0 |   669
           D:6 |       0 |    1621 |   0.0 |       0 |      27 |   0.0 |  1314
           D:7 |       0 |     378 |   0.0 |       0 |       8 |   0.0 |   446
           D:8 |       0 |     270 |   0.0 |       0 |       9 |   0.0 |   137
               +---------+---------+-------+---------+---------+-------+---------
